[Event "IIFL Wealth  4th Mumbai Junior U-13"]
[Site "Mumbai"]
[Date "2019.01.06"]
[Round "8"]
[White "Tejes Suresh Kumar"]
[Black "Sairaj Dilip Vernekar"]
[Result "1/2-1/2"]
[ECO "B40"]
[WhiteElo "1618"]
[BlackElo "1445"]
[Annotator "NA RC"]
[PlyCount "80"]
[EventDate "2018.12.30"]
[EventType "swiss"]
[EventCountry "IND"]
[SourceTitle "playchess.com"]
[Source "ChessBase"]
[SourceQuality "1"]
[TimeControl "40/5400+30:1800+30"]

1. e4 c5 2. Nf3 e6 3. c3 Nc6 4. d4 cxd4 5. cxd4 d5 6. e5 Nge7 7. Nc3 Ng6 8. h4 h5 9. Bd3 Nge7 10. a3 Nf5 11. Bxf5 exf5 12. Qb3 Ne7 13. Nb5 Ng6 14. Qxd5 Qxd5 15. Nc7+ Kd8 16. Nxd5 Be6 17. Bg5+ Be7 18. Nxe7 Nxe7 19. Rd1 Bd5 20. O-O Rc8 21. Nd2 Rg8 22. g3 Rc2 23. Rfe1 Rxb2 24. Nb1 Rb3 25. Rc1 Re8 26. Nc3 Be4 27. d5 Kd7 28. Nxe4 fxe4 29. Bxe7 Rxe7 30. Rxe4 Rxa3 31. d6 Re8 32. Rc7+ Ke6 33. Rxb7 Ra5 34. f4 Ra2 35. Re3 Rc8 36. Re7+ Kd5 37. Kf1 Rc1+ 38. Re1 Rcc2 39. d7 Rf2+ 40. Kg1 Rg2+ 1/2-1/2

[Event "IIFL Wealth  4th Mumbai Junior U-13"]
[Site "Mumbai"]
[Date "2019.01.06"]
[Round "8"]
[White "Akshit Jha"]
[Black "Aggarwal Vansh"]
[Result "1-0"]
[ECO "C55"]
[WhiteElo "1604"]
[BlackElo "1328"]
[Annotator "NA RC"]
[PlyCount "113"]
[EventDate "2018.12.30"]
[EventType "swiss"]
[EventCountry "IND"]
[SourceTitle "playchess.com"]
[Source "ChessBase"]
[SourceQuality "1"]
[TimeControl "40/5400+30:1800+30"]

1. e4 e5 2. Nf3 Nc6 3. Bc4 Nf6 4. d3 Be7 5. Nbd2 d6 6. Nf1 a6 7. Ng3 Na5 8. Bb3 Nxb3 9. axb3 h6 10. O-O O-O 11. d4 exd4 12. Nxd4 Re8 13. Re1 Bf8 14. f3 Be6 15. Be3 Bd7 16. Bf2 c6 17. Qd2 Qc7 18. Ndf5 Bxf5 19. Nxf5 d5 20. Bd4 Re6 21. e5 Nd7 22. f4 Rae8 23. Bf2 f6 24. Nd4 R6e7 25. e6 Nc5 26. f5 Ne4 27. Qe2 Rd8 28. Qf3 Ree8 29. Be3 Bd6 30. g3 Be5 31. c3 Kh8 32. Ne2 Re7 33. b4 Bd6 34. Nf4 Bxf4 35. Bxf4 Qb6+ 36. Kg2 Nd6 37. Be3 Qc7 38. Bc5 Ree8 39. Qf4 Nb5 40. Qh4 Nd6 41. Rf1 Ne4 42. Bd4 Re7 43. Qh5 Qc8 44. h4 Rf8 45. Qe2 Qc7 46. Qe3 Kg8 47. Rf4 Rfe8 48. Rg4 Kh8 49. Rg6 Rb8 50. Ba7 Rc8 51. Bb6 Qd6 52. Bd4 Qc7 53. g4 Rf8 54. Rh1 Kh7 55. g5 fxg5 56. hxg5 Rxf5 57. Rgxh6+ 1-0

[Event "IIFL Wealth  4th Mumbai Junior U-13"]
[Site "Mumbai"]
[Date "2019.01.06"]
[Round "8"]
[White "Pingale Shivraj"]
[Black "Ghadge Harsh"]
[Result "1-0"]
[ECO "C26"]
[WhiteElo "1580"]
[BlackElo "1265"]
[Annotator "NA"]
[PlyCount "113"]
[EventDate "2018.12.30"]
[EventType "swiss"]
[EventCountry "IND"]
[SourceTitle "playchess.com"]
[Source "ChessBase"]
[SourceQuality "1"]
[TimeControl "40/5400+30:1800+30"]

1. e4 e5 2. Nc3 Nf6 3. f4 d6 4. Nf3 Nc6 5. Bb5 Bg4 6. h3 Bxf3 7. Qxf3 Be7 8. O-O O-O 9. Bxc6 bxc6 10. d3 Rb8 11. b3 exf4 12. Bxf4 Nd7 13. Ne2 Bf6 14. Rad1 Qe7 15. Ng3 g6 16. d4 Bg7 17. c3 f6 18. h4 c5 19. h5 Rfe8 20. hxg6 hxg6 21. Qg4 cxd4 22. Qxg6 Nf8 23. Qg4 dxc3 24. Nf5 Qd7 25. Bh6 Re7 26. Bxg7 Rxg7 27. Qxg7+ Qxg7 28. Nxg7 Kxg7 29. Rc1 Ne6 30. Rxc3 Rb4 31. Rc4 Rb5 32. Rf5 Rb8 33. Kf2 Re8 34. Ra5 Nc5 35. Rxa7 Kg6 36. Kf3 Ne6 37. b4 Ng5+ 38. Kg4 Nxe4 39. Rcxc7 Nf2+ 40. Kf3 Nd3 41. g4 Rh8 42. Rg7+ Kh6 43. Ke4 Ne5 44. Kf5 d5 45. g5+ fxg5 46. Kxe5 Re8+ 47. Kxd5 Rd8+ 48. Ke5 Re8+ 49. Kf5 Rf8+ 50. Raf7 Rh8 51. Rg6+ Kh5 52. Rxg5+ Kh4 53. b5 Rh6 54. b6 Kh3 55. b7 Rh8 56. b8=Q Rh4 57. Qg3# 1-0

[Event "IIFL Wealth  4th Mumbai Junior U-13"]
[Site "Mumbai"]
[Date "2019.01.06"]
[Round "8"]
[White "Shravan Swaminathan"]
[Black "Mayank Chakraborty"]
[Result "1/2-1/2"]
[ECO "D02"]
[WhiteElo "1569"]
[BlackElo "1691"]
[Annotator "NA RC"]
[PlyCount "98"]
[EventDate "2018.12.30"]
[EventType "swiss"]
[EventCountry "IND"]
[SourceTitle "playchess.com"]
[Source "ChessBase"]
[SourceQuality "1"]
[TimeControl "40/5400+30:1800+30"]

1. d4 d5 2. Bf4 Nf6 3. Nf3 c5 4. e3 Nc6 5. Bb5 Bg4 6. dxc5 Qa5+ 7. Nc3 e6 8. Qd4 Bxf3 9. gxf3 a6 10. Bxc6+ bxc6 11. b4 Qa3 12. Ke2 a5 13. Rhb1 axb4 14. Rxb4 Nd7 15. Na4 Be7 16. Nb6 Bf6 17. Qd1 Qxb4 18. Rb1 Qa5 19. Nxa8 Qxa8 20. Bd6 Qa6+ 21. Qd3 Qxd3+ 22. cxd3 Be7 23. a4 Bxd6 24. cxd6 O-O 25. Rb7 Nc5 26. Rb4 Rd8 27. d4 Nd7 28. a5 Kf8 29. a6 Ra8 30. Rb7 Ke8 31. a7 Kd8 32. Kd2 f6 33. f4 Kc8 34. Rc7+ Kd8 35. Rb7 Rc8 36. Ke2 g5 37. fxg5 fxg5 38. Kf3 h5 39. Kg3 Ra8 40. f4 gxf4+ 41. Kxf4 Kc8 42. Rc7+ Kd8 43. Rb7 Kc8 44. Rc7+ Kd8 45. Rb7 Kc8 46. Rc7+ Kd8 47. Rb7 Kc8 48. Rc7+ Kd8 49. Kg5 Nb6 1/2-1/2

[Event "IIFL Wealth  4th Mumbai Junior U-13"]
[Site "Mumbai"]
[Date "2019.01.06"]
[Round "8"]
[White "Vedant Nitin vekhande"]
[Black "Parab Ram Vishal"]
[Result "1-0"]
[ECO "C65"]
[WhiteElo "1564"]
[BlackElo "1242"]
[Annotator "NA"]
[PlyCount "65"]
[EventDate "2018.12.30"]
[EventType "swiss"]
[EventCountry "IND"]
[SourceTitle "playchess.com"]
[Source "ChessBase"]
[SourceQuality "1"]
[TimeControl "40/5400+30:1800+30"]

1. e4 e5 2. Nf3 Nc6 3. Bb5 Bc5 4. O-O Nf6 5. d3 d6 6. c3 O-O 7. Re1 Re8 8. Nbd2 Bd7 9. Nf1 a6 10. Ba4 Bb6 11. Ng3 Ne7 12. Bc2 Ng6 13. h3 h6 14. Nd2 Nf4 15. Ndf1 Bxh3 16. Bxf4 exf4 17. gxh3 fxg3 18. Nxg3 Qd7 19. Kg2 d5 20. e5 Nh7 21. d4 g6 22. f4 Qe7 23. f5 Qg5 24. Qg4 Qxg4 25. hxg4 Nf8 26. Rh1 Kg7 27. f6+ Kh7 28. g5 h5 29. Rxh5+ Kg8 30. Rh6 Nh7 31. Rah1 Nxf6 32. Rh8+ Kg7 33. gxf6# 1-0

[Event "IIFL Wealth  4th Mumbai Junior U-13"]
[Site "Mumbai"]
[Date "2019.01.06"]
[Round "8"]
[White "Bharadia Yash"]
[Black "Aditya Varun Gampa"]
[Result "1-0"]
[ECO "B44"]
[WhiteElo "1559"]
[BlackElo "1809"]
[Annotator "NA"]
[PlyCount "91"]
[EventDate "2018.12.30"]
[EventType "swiss"]
[EventCountry "IND"]
[SourceTitle "playchess.com"]
[Source "ChessBase"]
[SourceQuality "1"]
[TimeControl "40/5400+30:1800+30"]

1. e4 c5 2. Nf3 e6 3. d4 cxd4 4. Nxd4 Nc6 5. Nb5 d6 6. c4 a6 7. Nd4 Nf6 8. Nc3 Be7 9. Be2 Qc7 {[%emt 0:03:17] B44: Sicilian: Taimanov: 5 Nb5} (9... O-O 10. O-O Qb6 11. Nb3 Qc7 12. Be3 b6 13. Rc1 Ne5 14. Nd2 Bb7 15. f4 Ned7 16. Bd3 Rac8 17. a3 Qb8 18. Qe2 {0-1 (53) Ehlvest,J (2532)-Kovalenko,I (2684) Puhajarve 2016}) 10. Be3 Ne5 11. Rc1 {[%emt 0:01:11] LiveBook: 4 Games} b6 12. O-O h5 $146 ({Predecessor:} 12... O-O 13. a3 Bb7 14. f3 Rac8 15. Na4 Ned7 16. b4 {½-½ (25) Szajbely,Z (2187)-Gara,A (2322) Hungary 2015}) 13. h3 Bb7 14. f4 Ned7 15. Bf3 Rc8 16. b3 Qb8 17. Qc2 h4 18. Bf2 Nh5 19. Bxh5 Rxh5 20. Qe2 Nf6 21. Nf3 Nd7 $2 {[%emt 0:02:14] [#]} ({Better is} 21... b5 $14) 22. f5 $1 Rh8 23. fxe6 fxe6 24. Nd4 Nf8 $2 (24... Rh6 25. Qg4 Ne5 26. Qxg7 Bf8) 25. Qg4 e5 26. Nf5 Qc7 27. Nxg7+ Kd8 28. Bxh4 Bxh4 {[%emt 0:06:17] [#]} 29. Rxf8+ $1 {[%emt 0:02:19] Remove Defender, Decoy} Ke7 30. Rxh8 Rxh8 31. Nf5+ Kd8 32. Nxh4 Qc5+ 33. Kh2 Qe3 34. Rd1 Qf4+ 35. Qxf4 exf4 36. Nf5 Kc7 37. Rxd6 Kb8 38. Rxb6 Ka7 39. c5 f3 40. gxf3 a5 41. Nb5+ Ka8 42. Nfd6 Bc6 43. Rxc6 a4 44. Rb6 Rh7 45. Rc6 $11 (45. Ra6+ {mates} Kb8 46. Rc6 Rh8 47. Rb6+ Ka8 48. Nc7+ Ka7 49. Rb7#) 45... Kb8 46. Rc8# 1-0

[Event "IIFL Wealth  4th Mumbai Junior U-13"]
[Site "Mumbai"]
[Date "2019.01.06"]
[Round "8"]
[White "Adireddy Tarun"]
[Black "Garv Rai"]
[Result "1/2-1/2"]
[ECO "E40"]
[WhiteElo "1553"]
[BlackElo "1772"]
[Annotator "NA RC"]
[PlyCount "74"]
[EventDate "2018.12.30"]
[EventType "swiss"]
[EventCountry "IND"]
[SourceTitle "playchess.com"]
[Source "ChessBase"]
[SourceQuality "1"]
[TimeControl "40/5400+30:1800+30"]

1. d4 Nf6 2. c4 e6 3. Nc3 Bb4 4. e3 Bxc3+ 5. bxc3 d6 6. Nf3 Nbd7 7. Bd3 O-O 8. O-O e5 9. e4 c5 10. d5 h6 11. h3 Nh7 12. Kh2 Qe7 13. g4 Ng5 14. Bxg5 hxg5 15. Qd2 f6 16. h4 Nb6 17. Rg1 gxh4 18. Nxh4 g5 19. Nf5 Bxf5 20. gxf5 Kg7 21. Kg3 Rh8 22. Rh1 Rxh1 23. Rxh1 Rh8 24. Qd1 Rxh1 25. Qxh1 Qe8 26. Qd1 Qh8 27. Qb3 Qh4+ 28. Kf3 Qf4+ 29. Ke2 g4 30. Ke1 Qf3 31. Qc2 Qh1+ 32. Bf1 Kh6 33. a4 Kg5 34. Qb1 Qf3 35. Qc2 Qh1 36. Qb1 Qf3 37. Qc2 Qh1 1/2-1/2

[Event "IIFL Wealth  4th Mumbai Junior U-13"]
[Site "Mumbai"]
[Date "2019.01.06"]
[Round "8"]
[White "Jain Adi"]
[Black "Ananmay Sharma"]
[Result "0-1"]
[ECO "D02"]
[WhiteElo "1545"]
[BlackElo "1749"]
[Annotator "NA"]
[PlyCount "152"]
[EventDate "2018.12.30"]
[EventType "swiss"]
[EventCountry "IND"]
[SourceTitle "playchess.com"]
[Source "ChessBase"]
[SourceQuality "1"]
[TimeControl "40/5400+30:1800+30"]

1. d4 d5 2. Nf3 Nf6 3. g3 Bg4 4. Bg2 e6 5. c4 c6 6. O-O Nbd7 7. Nbd2 Be7 8. b3 O-O 9. Bb2 h6 10. Rc1 a5 11. Qc2 Bf5 12. Qd1 Bh7 13. Re1 Qb6 14. Ne5 Nxe5 15. dxe5 Nd7 16. cxd5 cxd5 17. e4 Nc5 18. Qe2 Rfd8 19. Bd4 dxe4 20. Bxc5 Bxc5 21. Nxe4 Ba3 22. Rc4 Bg6 23. h4 Rac8 24. Rxc8 Rxc8 25. h5 Bh7 26. Rd1 Rd8 27. Rxd8+ Qxd8 28. Nd6 b6 29. Be4 Bxe4 30. Nxe4 Qd4 31. Nd2 Qb2 32. Qd3 Qxe5 33. Nc4 Qe1+ 34. Kg2 Bc5 35. Qd8+ Kh7 36. Qd3+ f5 37. Qf3 b5 38. Ne3 Bxe3 39. fxe3 Qd2+ 40. Kh3 Qd5 41. Qf1 Qe4 42. Kh2 Qxe3 43. Qxb5 Qf2+ 44. Kh1 Qxg3 45. Qxa5 Qh3+ 46. Kg1 Qxh5 47. Qd2 Qg4+ 48. Qg2 Qd4+ 49. Qf2 Qa1+ 50. Kg2 Qb1 51. Qe2 e5 52. Qxe5 Qxa2+ 53. Kh1 Qxb3 54. Qxf5+ Kh8 55. Qf8+ Qg8 56. Qf5 g6 57. Qh3 Kh7 58. Qd3 Qf7 59. Qe4 h5 60. Qe5 Qf1+ 61. Kh2 Qf2+ 62. Kh1 Qh4+ 63. Kg2 Qg4+ 64. Kh1 Qf5 65. Qe7+ Kh6 66. Qe3+ Qg5 67. Qe8 Qf6 68. Qe3+ g5 69. Qe8 h4 70. Qc8 Kh5 71. Qe8+ Kg4 72. Qd7+ Kg3 73. Qc7+ Qf4 74. Qc3+ Qf3+ 75. Qxf3+ Kxf3 76. Kh2 g4 0-1

[Event "IIFL Wealth  4th Mumbai Junior U-13"]
[Site "Mumbai"]
[Date "2019.01.06"]
[Round "8"]
[White "Nehete Arnav"]
[Black "Tawade Arnav"]
[Result "1/2-1/2"]
[ECO "D14"]
[WhiteElo "1544"]
[BlackElo "1285"]
[Annotator "NA"]
[PlyCount "93"]
[EventDate "2018.12.30"]
[EventType "swiss"]
[EventCountry "IND"]
[SourceTitle "playchess.com"]
[Source "ChessBase"]
[SourceQuality "1"]
[TimeControl "40/5400+30:1800+30"]

1. d4 d5 2. c4 c6 3. cxd5 cxd5 4. Nf3 Nf6 5. Nc3 Nc6 6. Bf4 Bf5 7. e3 e6 8. Qb3 Bb4 9. Bb5 Qa5 10. O-O O-O 11. Rfc1 Rfc8 12. a3 Bxc3 13. Rxc3 Ne4 14. Rcc1 Qb6 15. Qa4 h6 16. h3 a6 17. Bxc6 bxc6 18. b4 a5 19. Ne5 axb4 20. Qxb4 Qxb4 21. axb4 Rxa1 22. Rxa1 f6 23. Nd3 Nc3 24. Nc1 Bc2 25. Kf1 Ba4 26. Ra3 Bb5+ 27. Ke1 Na4 28. Nb3 Nb6 29. Ra7 Ra8 30. Ra5 Rc8 31. Nc5 Nc4 32. Ra7 e5 33. dxe5 fxe5 34. Bg3 Re8 35. Kd1 Nb2+ 36. Kc2 Nc4 37. Kc3 Nb6 38. Rb7 Na4+ 39. Nxa4 Bxa4 40. f3 Bb5 41. Rb6 e4 42. Kd4 exf3 43. gxf3 Rf8 44. Rb8 Rxb8 45. Bxb8 Be2 46. f4 Kf7 47. Kc5 1/2-1/2

[Event "IIFL Wealth  4th Mumbai Junior U-13"]
[Site "Mumbai"]
[Date "2019.01.06"]
[Round "8"]
[White "Dhanvij Ansh"]
[Black "Sadbhav Rautela"]
[Result "1-0"]
[ECO "D43"]
[WhiteElo "1523"]
[BlackElo "1746"]
[Annotator "NA RC"]
[PlyCount "67"]
[EventDate "2018.12.30"]
[EventType "swiss"]
[EventCountry "IND"]
[SourceTitle "playchess.com"]
[Source "ChessBase"]
[SourceQuality "1"]
[TimeControl "40/5400+30:1800+30"]

1. d4 d5 2. c4 c6 3. Nc3 Nf6 4. Nf3 e6 5. g3 Bd6 6. Bg2 O-O 7. O-O Nbd7 8. Qd3 dxc4 9. Qxc4 Qc7 10. e4 e5 11. Rd1 Nb6 12. Qe2 exd4 13. Nxd4 Qe7 14. a4 a5 15. Be3 Bc7 16. h3 Be6 17. f4 Rad8 18. Bf2 Rfe8 19. e5 Nfd5 20. Ne4 Bc8 21. Qh5 f6 22. exf6 Nxf6 23. Nxf6+ Qxf6 24. Nf3 Nd5 25. Ng5 Bf5 26. Re1 Bg6 27. Qg4 Qxb2 28. f5 Bf7 29. Nxf7 Kxf7 30. Qh5+ Kf8 31. Bxd5 Rxe1+ 32. Rxe1 cxd5 33. Bc5+ Kg8 34. Re8+ 1-0

[Event "IIFL Wealth  4th Mumbai Junior U-13"]
[Site "Mumbai"]
[Date "2019.01.06"]
[Round "8"]
[White "Balkawade Sai"]
[Black "Sai Mahati A"]
[Result "1-0"]
[ECO "C54"]
[WhiteElo "1482"]
[BlackElo "1267"]
[Annotator "NA"]
[PlyCount "58"]
[EventDate "2018.12.30"]
[EventType "swiss"]
[EventCountry "IND"]
[SourceTitle "playchess.com"]
[Source "ChessBase"]
[SourceQuality "1"]
[TimeControl "40/5400+30:1800+30"]

1. e4 e5 2. Nf3 Nc6 3. Bc4 Bc5 4. c3 Nf6 5. d3 d6 6. O-O O-O 7. Nbd2 a6 8. Bb3 Ba7 9. h3 Ne7 10. Re1 Ng6 11. Nf1 Nh5 12. d4 Qe8 13. N3h2 Nhf4 14. Ng3 Kh8 15. Bc2 Qc6 16. Be3 Qe8 17. Nh5 Qe7 18. Bxf4 exf4 19. Qf3 Qg5 20. g4 f5 21. Kh1 fxg4 22. hxg4 Nh4 23. Qh3 Qxh5 24. e5 Qh6 25. e6 Bxe6 26. Rxe6 Qxe6 27. Qxh4 Qh6 28. Qe7 Bb6 29. Qh4 Ba7 1-0

[Event "IIFL Wealth  4th Mumbai Junior U-13"]
[Site "Mumbai"]
[Date "2019.01.06"]
[Round "8"]
[White "Varshita Jain"]
[Black "Darsh Shetty"]
[Result "1/2-1/2"]
[ECO "B27"]
[WhiteElo "1461"]
[BlackElo "1260"]
[Annotator "NA"]
[PlyCount "121"]
[EventDate "2018.12.30"]
[EventType "swiss"]
[EventCountry "IND"]
[SourceTitle "playchess.com"]
[Source "ChessBase"]
[SourceQuality "1"]
[TimeControl "40/5400+30:1800+30"]

1. e4 c5 2. Nf3 g6 3. Be2 Bg7 4. Nc3 Nc6 5. d3 d6 6. Be3 Nf6 7. h3 a6 8. O-O O-O 9. Rb1 b5 10. e5 dxe5 11. Bxc5 Nd7 12. Be3 Nd4 13. Ne4 Nxe2+ 14. Qxe2 Nf6 15. Nxf6+ exf6 16. Bc5 Re8 17. Rfe1 Bb7 18. Qe3 e4 19. dxe4 Rxe4 20. Qa3 Rxe1+ 21. Rxe1 Rc8 22. b4 Bf8 23. Bxf8 Qxf8 24. Qd3 Bxf3 25. Qxf3 Qxb4 26. c3 Qxc3 27. Re3 Qc1+ 28. Kh2 Qc7+ 29. Kg1 Qd6 30. g3 Rc1+ 31. Kg2 Qc6 32. Ra3 b4 33. Qxc6 Rxc6 34. Ra4 Rb6 35. Kf1 Kf8 36. Ke2 Ke7 37. Kd2 Kd6 38. Kc2 Kc6 39. Kb3 Kb7 40. Rxb4 Rxb4+ 41. Kxb4 Kb6 42. g4 g5 43. a3 Kc6 44. Kc4 h6 45. f3 Kb6 46. Kb4 a5+ 47. Kc4 Kc6 48. a4 f5 49. gxf5 f6 50. Kd4 h5 51. Kc4 h4 52. Kd4 Kd6 53. Kc4 Ke5 54. Kb5 Kxf5 55. Kxa5 Kf4 56. Kb6 Kg3 57. a5 Kxh3 58. a6 Kg2 59. a7 h3 60. a8=Q h2 61. Qa2+ 1/2-1/2

[Event "IIFL Wealth  4th Mumbai Junior U-13"]
[Site "Mumbai"]
[Date "2019.01.06"]
[Round "8"]
[White "Laddha, Yash Jayesh"]
[Black "Keerthana B"]
[Result "0-1"]
[ECO "C84"]
[WhiteElo "1449"]
[BlackElo "1232"]
[Annotator "NA"]
[PlyCount "124"]
[EventDate "2018.12.30"]
[EventType "swiss"]
[EventCountry "IND"]
[SourceTitle "playchess.com"]
[Source "ChessBase"]
[SourceQuality "1"]
[TimeControl "40/5400+30:1800+30"]

1. e4 e5 2. Nf3 Nc6 3. Bb5 a6 4. Ba4 Nf6 5. O-O Be7 6. c3 d6 7. Re1 b5 8. Bc2 O-O 9. h3 Nb8 10. d4 Nbd7 11. Nbd2 c5 12. d5 c4 13. a4 Bb7 14. Nf1 Qc7 15. Ng3 Rfb8 16. Be3 bxa4 17. Nf5 Bf8 18. Qe2 a5 19. Bxa4 Nxe4 20. Red1 Nef6 21. Bg5 Nxd5 22. Nd2 f6 23. Be3 N7b6 24. Bxb6 Nxb6 25. Qg4 d5 26. Re1 Nxa4 27. Rxa4 Bc6 28. Ra2 Rb6 29. Re3 g6 30. Nh4 Bd7 31. Qg3 a4 32. Ndf3 Bh6 33. Nd2 Bxe3 34. fxe3 Rab8 35. Nxg6 hxg6 36. Qxg6+ Kf8 37. Qh6+ Ke7 38. Qg7+ Ke6 39. Rxa4 Rxb2 40. Ra6+ R8b6 41. Qg8+ Kd6 42. Qf8+ Kc6 43. Ra5 R2b5 44. Ra4 Qd6 45. Qa8+ Kc7 46. Ra7+ Rb7 47. Ra6 Qc5 48. Rxf6 Qxe3+ 49. Kh2 Qxd2 50. Qa6 R5b6 51. Qa5 Qb2 52. Rf7 Qb5 53. Qa3 d4 54. cxd4 exd4 55. Qg3+ Rd6 56. Rf6 Qd5 57. Rf8 Rb3 58. Qf4 d3 59. Rh8 Rb2 60. Qg3 Qxg2+ 61. Qxg2 Rxg2+ 62. Kxg2 d2 0-1

[Event "IIFL Wealth  4th Mumbai Junior U-13"]
[Site "Mumbai"]
[Date "2019.01.06"]
[Round "8"]
[White "Kriti Mayur Patel"]
[Black "Bulsara Yazaan"]
[Result "1-0"]
[ECO "C54"]
[WhiteElo "1439"]
[BlackElo "1244"]
[Annotator "NA"]
[PlyCount "116"]
[EventDate "2018.12.30"]
[EventType "swiss"]
[EventCountry "IND"]
[SourceTitle "playchess.com"]
[Source "ChessBase"]
[SourceQuality "1"]
[TimeControl "40/5400+30:1800+30"]

1. e4 e5 2. Nf3 Nc6 3. Bc4 Bc5 4. c3 Nf6 5. d3 h6 6. Nbd2 a6 7. Bb3 O-O 8. h3 Re8 9. Nf1 d5 10. Qe2 dxe4 11. dxe4 Be6 12. Ng3 Qd7 13. Bc2 Rad8 14. Nh4 b5 15. Qf3 Bc4 16. Ngf5 Kh7 17. Nxh6 gxh6 18. Qxf6 Re6 19. Qf5+ Kh8 20. Qh5 Bf8 21. Nf5 Kh7 22. Be3 Nb4 23. Qd1 Nxc2+ 24. Qxc2 Bd3 25. Qd1 Bxe4 26. Qg4 Qd3 27. Nh4 Red6 28. Qh5 Qc2 29. Qxf7+ Bg7 30. O-O R8d7 31. Qh5 Qxb2 32. Nf5 Bxf5 33. Qxf5+ Kg8 34. Bc5 Rf7 35. Qc8+ Bf8 36. Bxd6 cxd6 37. Qxa6 Rxf2 38. Rxf2 Qxa1+ 39. Kh2 Qe1 40. Rf3 e4 41. Rg3+ Kf7 42. Qb7+ Be7 43. Qd5+ Kf6 44. Qxb5 Ke6 45. Rg6+ Bf6 46. Qc4+ Kf5 47. Qf7 Qxc3 48. g4+ Kf4 49. Qxf6+ Qxf6 50. Rxf6+ Ke5 51. Rf1 d5 52. a4 d4 53. a5 d3 54. a6 d2 55. a7 e3 56. a8=Q e2 57. Qe8+ Kd4 58. Qxe2 Kd5 1-0

[Event "IIFL Wealth  4th Mumbai Junior U-13"]
[Site "Mumbai"]
[Date "2019.01.06"]
[Round "8"]
[White "Dande Vyankatesh S"]
[Black "Vegi Bhavishnu Sai Sivaji"]
[Result "1-0"]
[ECO "B71"]
[WhiteElo "1418"]
[BlackElo "1225"]
[Annotator "NA"]
[PlyCount "83"]
[EventDate "2018.12.30"]
[EventType "swiss"]
[EventCountry "IND"]
[SourceTitle "playchess.com"]
[Source "ChessBase"]
[SourceQuality "1"]
[TimeControl "40/5400+30:1800+30"]

1. e4 c5 2. Nf3 d6 3. d4 cxd4 4. Nxd4 Nf6 5. Nc3 g6 6. f4 Bg7 7. e5 Ng8 8. Bb5+ Bd7 9. e6 Bxb5 10. exf7+ Kxf7 11. Ndxb5 Nf6 12. O-O a6 13. Na3 e6 14. Nc4 d5 15. Ne5+ Ke7 16. Be3 Nbd7 17. Qd4 a5 18. Nb5 Rg8 19. Qc3 Ne4 20. Qa3+ Ke8 21. Bd4 Rc8 22. Qh3 Nf8 23. Qa3 Nd7 24. Rae1 Ndc5 25. Rxe4 Nxe4 26. Qh3 Qe7 27. Qxh7 Rh8 28. Qxg6+ Kf8 29. f5 Nf6 30. fxe6 Rd8 31. Nd7+ Rxd7 32. exd7 Rh6 33. Rxf6+ Bxf6 34. Qxh6+ Kg8 35. Qg6+ Kf8 36. Qxf6+ Qxf6 37. Bxf6 Kf7 38. d8=Q Kg6 39. Nd4 Kf7 40. Qe7+ Kg6 41. Qg7+ Kh5 42. Qg5# 1-0

[Event "IIFL Wealth  4th Mumbai Junior U-13"]
[Site "Mumbai"]
[Date "2019.01.06"]
[Round "8"]
[White "Amrit Raunak"]
[Black "Jain Aryan S"]
[Result "1/2-1/2"]
[ECO "C50"]
[WhiteElo "1410"]
[BlackElo "1115"]
[Annotator "NA"]
[PlyCount "77"]
[EventDate "2018.12.30"]
[EventType "swiss"]
[EventCountry "IND"]
[SourceTitle "playchess.com"]
[Source "ChessBase"]
[SourceQuality "1"]
[TimeControl "40/5400+30:1800+30"]

1. e4 e5 2. Nf3 Nc6 3. Bc4 Be7 4. O-O Nf6 5. d3 O-O 6. Nc3 d6 7. h3 Be6 8. Bb3 Qd7 9. Nh2 d5 10. exd5 Nxd5 11. Bxd5 Bxd5 12. f4 Bc5+ 13. Kh1 exf4 14. Bxf4 Ne7 15. Qg4 Qxg4 16. Nxg4 c6 17. Bg3 Bd4 18. Nxd5 Nxd5 19. c3 Bc5 20. Ne5 Bd6 21. Bh2 Rad8 22. Nc4 Bxh2 23. Kxh2 Rfe8 24. Rae1 f6 25. Na5 Rxe1 26. Rxe1 Nf4 27. d4 Rd7 28. Nb3 Kf7 29. Nc5 Rc7 30. g3 Nd5 31. Kg2 b6 32. Nd3 g5 33. Kf3 h5 34. Nf2 Ne7 35. Ne4 Nc8 36. Kg2 Re7 37. Re3 Kg6 38. Kf3 f5 39. Kf2 1/2-1/2

[Event "IIFL Wealth  4th Mumbai Junior U-13"]
[Site "Mumbai"]
[Date "2019.01.06"]
[Round "8"]
[White "Manavalan, Siddharth Krishna"]
[Black "Shreyas Ravindra Patil"]
[Result "1-0"]
[ECO "A08"]
[WhiteElo "1406"]
[BlackElo "1110"]
[Annotator "NA"]
[PlyCount "99"]
[EventDate "2018.12.30"]
[EventType "swiss"]
[EventCountry "IND"]
[SourceTitle "playchess.com"]
[Source "ChessBase"]
[SourceQuality "1"]
[TimeControl "40/5400+30:1800+30"]

1. Nf3 c5 2. g3 d5 3. Bg2 Nf6 4. d3 Nc6 5. O-O Bf5 6. c4 dxc4 7. dxc4 e6 8. Bf4 Be7 9. Nc3 a6 10. Ne5 Nxe5 11. Bxe5 O-O 12. Bxb7 Ra7 13. Bg2 Ng4 14. Bf4 Rd7 15. Qa4 Bd6 16. Bxd6 Rxd6 17. Rad1 Rxd1 18. Rxd1 Qb6 19. b3 h6 20. Qc6 Qa5 21. Na4 Bc2 22. Ra1 Qd2 23. Bf3 Qd4 24. Rf1 Ne5 25. Qxc5 Nxf3+ 26. exf3 Qxc5 27. Nxc5 a5 28. Rc1 Bg6 29. Nb7 Ra8 30. c5 e5 31. c6 Bf5 32. c7 Bc8 33. Rd1 Ra7 34. Rd8+ Kh7 35. Rxc8 Rxb7 36. Rh8+ Kxh8 37. c8=Q+ Kh7 38. Qxb7 Kg6 39. Qb6+ Kf5 40. Qxa5 f6 41. b4 g5 42. b5 h5 43. b6 h4 44. g4+ Kf4 45. Qa3 e4 46. b7 Ke5 47. b8=Q+ Ke6 48. Qad6+ Kf7 49. Qbc7+ Kg6 50. Qf8 1-0

[Event "IIFL Wealth  4th Mumbai Junior U-13"]
[Site "Mumbai"]
[Date "2019.01.06"]
[Round "8"]
[White "Ananya Arumbakkam"]
[Black "Barde Om"]
[Result "1/2-1/2"]
[ECO "B52"]
[WhiteElo "1405"]
[BlackElo "1801"]
[Annotator "NA"]
[PlyCount "143"]
[EventDate "2018.12.30"]
[EventType "swiss"]
[EventCountry "IND"]
[SourceTitle "playchess.com"]
[Source "ChessBase"]
[SourceQuality "1"]
[TimeControl "40/5400+30:1800+30"]

1. e4 c5 2. Nf3 d6 3. Bb5+ Bd7 4. Bxd7+ Nxd7 5. d4 cxd4 6. Qxd4 e6 {[%emt 0:04:06] B52: Sicilian: Moscow Variation with 3...Bd7} 7. c4 Ngf6 8. Nc3 a6 9. O-O Be7 10. b3 O-O 11. Bb2 Qc7 12. Rac1 Rac8 13. Rfd1 {[%emt 0:04:52] [#]} Qb8 $146 ({Predecessor:} 13... Rfd8 14. h3 h6 15. Qe3 {½-½ (43) Kirwald,F (2265)-Faber,H (2504) Remote email 2013}) 14. Ne1 Rfd8 15. Nc2 b5 16. cxb5 axb5 17. Nb4 Qb7 18. Kh1 Ne5 19. f3 Nc6 20. Nxc6 Rxc6 21. e5 Ne8 22. Ne4 d5 23. Nf2 Ra6 24. a3 Bxa3 25. Bxa3 Rxa3 26. Qb4 Ra6 27. Rc5 Rb8 28. Rdc1 Qd7 29. Nd3 Rab6 30. Ra1 h6 31. h3 Kh7 32. Kh2 R6b7 33. Ra6 Qe7 34. Rac6 Qd7 35. Ra6 Rb6 36. Ra5 R8b7 37. Ra8 Nc7 38. Ra5 Qe7 39. Qa3 g6 40. Ra7 Ne8 41. Rxb7 Qxb7 42. Qc1 Qe7 43. Rc8 Qd7 44. b4 Rb7 45. Qc5 Kg7 46. f4 Rc7 47. Rxc7 Qxc7 48. Qxb5 Qc4 49. Qxc4 dxc4 50. Nc5 Nc7 51. Kg3 Nd5 52. b5 Kf8 53. Kf3 Ke7 54. g3 Kd8 55. Na4 Kc7 56. Ke4 c3 $2 (56... Nb6 $11 {and Black stays safe.} 57. Nc3 Nd5) 57. Kd3 c2 58. Kxc2 Ne3+ 59. Kd3 Nf1 60. g4 h5 $18 61. Nc3 Ng3 62. Ne4 Nxe4 63. Kxe4 hxg4 64. hxg4 Kb6 65. g5 Kxb5 66. Kd3 Kc5 67. Kc3 Kd5 68. Kd3 Kc5 69. Kc3 Kb5 70. Kb3 Kc5 71. Kc3 Kd5 72. Kd3 {[%emt 0:00:04] Kxe5 Ke4+} 1/2-1/2